[Event "Titled Tuesday Blitz September 13 Late 2022"]
[White "Ahn, Hongjin"]
[Black "Pranav, V"]
[WhiteFideId "13201492"]
[BlackFideId "25060783"]
[WhiteElo "1873"]
[BlackElo "2390"]
[Result "0-1"]
[Round "01"]
[TimeControl "180+1"]
[Date "2022.09.13"]
[WhiteClock "0:00:02"]
[BlackClock "0:01:33"]

1. c4 c5 2. Nf3 Nc6 3. d4 cxd4 4. Nxd4 Nf6 5. Nc3 e5 6. Ndb5 d6 7. Bg5 a6 8. Na3 Be7 9. g3 O-O 10. Bg2 Be6 11. O-O Rc8 12. b3 h6 13. Bxf6 Bxf6 14. Nd5 Bxd5 15. Bxd5 e4 16. Rb1 e3 17. fxe3 Nb4 18. Bxb7 Rb8 19. Bf3 Nxa2 20. Qc2 Nc3 21. Rbc1 Qb6 22. Kh1 Qxb3 23. Qxb3 Rxb3 24. Nc2 a5 25. Nd4 Bxd4 26. exd4 a4 27. Rc2 a3 28. Ra1 Rc8 29. Rac1 a2 30. Kg2 Rb1 31. Rxc3 a1=Q 32. R1c2 Rg1+ 33. Kh3 Qf1+ 34. Kh4 Qf2 35. e4 Qxd4 36. Kh3 0-1


[Site "https://www.chess.com"]

[Event "Titled Tuesday Blitz September 13 Late 2022"]
[White "Bluebaum, Matthias"]
[Black "Melian, Juan Sebastian"]
[WhiteFideId "24651516"]
[BlackFideId "3706575"]
[WhiteElo "2633"]
[BlackElo "1851"]
[Result "1-0"]
[Round "01"]
[TimeControl "180+1"]
[Date "2022.09.13"]
[WhiteClock "0:02:10"]
[BlackClock "0:00:20"]

1. d4 Nf6 2. c4 e6 3. Nc3 Bb4 4. e3 O-O 5. Bd2 d5 6. Nf3 b6 7. cxd5 exd5 8. Rc1 a6 9. Bd3 Bb7 10. O-O Nbd7 11. Ne5 Nxe5 12. dxe5 Nd7 13. f4 Nc5 14. Bc2 Bxc3 15. Bxc3 Ne4 16. Bxe4 dxe4 17. Qg4 Qd3 18. Rfe1 Bc8 19. f5 Qd7 20. Rf1 Re8 21. Rcd1 Qa4 22. e6 g6 23. exf7+ 1-0


[Site "https://www.chess.com"]

[Event "Titled Tuesday Blitz September 13 Late 2022"]
[White "Bodnar, Nikolay"]
[Black "Sadhwani, Raunak"]
[WhiteFideId "14106469"]
[BlackFideId "35093487"]
[WhiteElo "2283"]
[BlackElo "2656"]
[Result "0-1"]
[Round "01"]
[TimeControl "180+1"]
[Date "2022.09.13"]
[WhiteClock "0:00:03"]
[BlackClock "0:01:04"]

1. c4 b6 2. g3 Bb7 3. Nf3 e5 4. Bg2 e4 5. Nd4 Nf6 6. Nc3 Bc5 7. Nc2 h5 8. d4 Be7 9. d5 h4 10. Nxe4 Nxe4 11. Bxe4 Na6 12. Be3 Bf6 13. Bd4 Qe7 14. Bf3 O-O-O 15. Bxf6 gxf6 16. Qd2 Qc5 17. Qd4 Qa5+ 18. Qd2 Qc5 19. b3 Rde8 20. e3 Qd6 21. O-O-O Nc5 22. Nd4 a6 23. Qc3 Qe5 24. Ne2 Qf5 25. Nd4 Qe5 26. Ne2 Qg5 27. Kb2 a5 28. g4 h3 29. Ng3 Kb8 30. Rhe1 d6 31. Be2 Bc8 32. f4 Qg6 33. Qc2 Rxe3 34. Qxg6 fxg6 35. f5 gxf5 36. gxf5 Rhe8 37. Kc2 a4 38. b4 Na6 39. Kd2 Nxb4 40. Bg4 Rd3+ 41. Kc1 Nxa2+ 42. Kb2 Rxe1 43. Rxd3 Nb4 44. Rd2 Re3 45. Bxh3 a3+ 46. Kc1 Re1+ 47. Rd1 Rxd1+ 48. Kxd1 a2 0-1


[Site "https://www.chess.com"]

[Event "Titled Tuesday Blitz September 13 Late 2022"]
[White "Bortnyk, Mykola"]
[Black "Mortazavi, Ali"]
[WhiteFideId "14120836"]
[BlackFideId "401323"]
[WhiteElo "2582"]
[BlackElo "2339"]
[Result "1-0"]
[Round "01"]
[TimeControl "180+1"]
[Date "2022.09.13"]
[WhiteClock "0:00:54"]
[BlackClock "0:00:02"]

1. c4 Nf6 2. Nc3 g6 3. e4 d6 4. d3 Bg7 5. h3 O-O 6. Be3 c5 7. Qd2 Nc6 8. Nge2 a6 9. Bh6 Rb8 10. Bxg7 Kxg7 11. Ng3 b5 12. h4 h5 13. cxb5 axb5 14. Be2 Nd4 15. Bd1 e5 16. f4 b4 17. Nce2 Ng4 18. f5 b3 19. Nxd4 cxd4 20. Bxb3 Ne3 21. Nf1 gxf5 22. Nxe3 dxe3 23. Qxe3 f4 24. Qd2 Bg4 25. Rc1 f5 26. Rc6 Rb6 27. Qc3 Rxc6 28. Qxc6 Qf6 29. Kd2 Kh8 30. a4 f3 31. gxf3 Qh6+ 32. Kc2 Bxf3 33. Re1 fxe4 34. dxe4 Bg4 35. Kb1 Rc8 36. Qd5 Qf4 37. Ka2 Qf2 38. Rc1 Rf8 39. Qxd6 Qf4 40. Rc5 Re8 41. Qg6 Rf8 42. Rc7 1-0


[Site "https://www.chess.com"]

[Event "Titled Tuesday Blitz September 13 Late 2022"]
[White "Boruchovsky, Avital"]
[Black "Crevatin, Leo"]
[WhiteFideId "2800055"]
[BlackFideId "1726307"]
[WhiteElo "2466"]
[BlackElo "2156"]
[Result "1-0"]
[Round "01"]
[TimeControl "180+1"]
[Date "2022.09.13"]
[WhiteClock "0:00:13"]
[BlackClock "0:00:02"]

1. e4 c5 2. Nf3 d6 3. Bb5+ Bd7 4. Bxd7+ Nxd7 5. O-O Ngf6 6. Qe2 e6 7. c3 Be7 8. d4 O-O 9. Rd1 Qc7 10. Nbd2 cxd4 11. cxd4 Rac8 12. Nf1 Qc2 13. N3d2 Nb6 14. Ne3 Qc6 15. f3 d5 16. e5 Ne8 17. Nb3 Nc4 18. Nf1 Nc7 19. Bf4 Qb5 20. Rac1 Na6 21. Bd2 Qa4 22. Bc3 Qxa2 23. Qc2 Qa4 24. Ra1 Qb5 25. Nc1 Qd7 26. Qf2 Ra8 27. Nd3 Rfc8 28. Ng3 g6 29. Ne2 Nc7 30. b3 Nb6 31. Bb4 Bxb4 32. Nxb4 Nb5 33. Nd3 Qe7 34. h4 Nd7 35. h5 Nc3 36. Nxc3 Rxc3 37. Qd2 Rc6 38. b4 b6 39. Nf4 Nf8 40. hxg6 hxg6 41. Rdc1 Rac8 42. Rxc6 Rxc6 43. Ne2 Qc7 44. b5 Rc4 45. Qd3 Nh7 46. Qe3 Kg7 47. Kh2 Rc2 48. Rh1 Qc4 49. Kg3 g5 50. Nf4 gxf4+ 51. Qxf4 Qd3 52. Rh4 Nf8 53. Qh6+ Kg8 54. Qh8# 1-0


[Site "https://www.chess.com"]

[Event "Titled Tuesday Blitz September 13 Late 2022"]
[White "Buchenau, Frank"]
[Black "Pulpan, Jakub"]
[WhiteFideId "4604350"]
[BlackFideId "302759"]
[WhiteElo "2157"]
[BlackElo "2461"]
[Result "1-0"]
[Round "01"]
[TimeControl "180+1"]
[Date "2022.09.13"]
[WhiteClock "0:01:21"]
[BlackClock "0:02:17"]

1. e4 e5 2. Bc4 Nf6 3. d3 b6 4. Nf3 Bd6 5. d4 Nc6 6. d5 Ne7 7. Bd3 Ng6 8. O-O a6 9. Nbd2 Be7 10. c4 d6 11. Nb1 Nh5 12. g3 Bh3 13. Re1 O-O 14. Nc3 Qd7 15. Ng5 Nf6 16. Nxh3 Qxh3 17. Bf1 Rfb8 18. Bxh3 b5 19. cxb5 axb5 20. b4 h5 21. Bf1 h4 22. Bxb5 h3 23. Bc6 Ra7 24. Nb5 Ra6 25. Nxc7 Ra7 26. Nb5 Ra6 27. a4 Bd8 28. f3 Ne7 29. Qc2 Nxc6 30. dxc6 Rc8 31. c7 Bxc7 32. Nxc7 Ra7 33. Bg5 Raxc7 34. Qd3 Rc2 35. Re2 R2c3 36. Qxd6 Rxf3 37. Bxf6 Rxf6 38. Qxe5 Rcc6 39. b5 Rce6 40. Qb8+ 1-0


[Site "https://www.chess.com"]

[Event "Titled Tuesday Blitz September 13 Late 2022"]
[White "Estrada Nieto, Julian"]
[Black "Sjugirov, Sanan"]
[WhiteFideId "5101018"]
[BlackFideId "4189302"]
[WhiteElo "2252"]
[BlackElo "2609"]
[Result "0-1"]
[Round "01"]
[TimeControl "180+1"]
[Date "2022.09.13"]
[WhiteClock "0:00:02"]
[BlackClock "0:00:20"]

1. e4 c6 2. d4 d5 3. Nc3 dxe4 4. Nxe4 Nf6 5. Nxf6+ exf6 6. c3 Bd6 7. Bd3 O-O 8. Qc2 Re8+ 9. Ne2 h6 10. O-O Nd7 11. Bd2 Nf8 12. Rae1 Be6 13. c4 Rc8 14. a4 a5 15. Nc3 Bb4 16. Be3 Ng6 17. Rd1 Qc7 18. Bxg6 fxg6 19. Qxg6 Bxc4 20. Rfe1 Qf7 21. Qg3 Bb3 22. Rc1 Kh7 23. Bf4 Qg6 24. Qf3 Bd5 25. Qg3 Qxg3 26. hxg3 Bb3 27. g4 g5 28. Be3 Kg6 29. Ra1 h5 30. gxh5+ Kxh5 31. f3 Kg6 32. Kf2 Rcd8 33. Rec1 f5 34. g3 Bd6 35. Ne2 Bd5 36. Bd2 Rd7 37. Re1 Rde7 38. Nc3 Bc4 39. Rxe7 Rxe7 40. Rh1 Re8 41. Rc1 Bb3 42. Re1 Rxe1 43. Bxe1 Bb4 44. Ne2 Bxe1+ 45. Kxe1 Bxa4 46. Kd2 Bb3 47. Nc1 Bd5 48. f4 gxf4 49. gxf4 Kf6 50. Nd3 b6 51. Ne5 Ke6 52. Kc3 Kd6 53. b3 b5 54. Nd3 Bf7 55. Nc5 Kd5 56. Nb7 b4+ 57. Kb2 Kxd4 58. Nxa5 Bd5 59. Nb7 Ke4 60. Nd6+ Kxf4 0-1


[Site "https://www.chess.com"]

[Event "Titled Tuesday Blitz September 13 Late 2022"]
[White "Forgacs, Attila Jr."]
[Black "Gokerkan, Cem Kaan"]
[WhiteFideId "773654"]
[BlackFideId "6336760"]
[WhiteElo "2062"]
[BlackElo "2364"]
[Result "0-1"]
[Round "01"]
[TimeControl "180+1"]
[Date "2022.09.13"]
[WhiteClock "0:00:08"]
[BlackClock "0:00:31"]

1. e4 Nf6 2. d3 d5 3. exd5 Nxd5 4. g3 g6 5. Bg2 Bg7 6. Nf3 O-O 7. O-O c5 8. Re1 Nc6 9. Nbd2 Re8 10. Ne4 b6 11. c3 Bb7 12. Qe2 Qd7 13. Be3 Rad8 14. Rad1 Ba6 15. Qc2 Nxe3 16. Rxe3 e5 17. Ne1 f5 18. Ng5 h6 19. Qa4 Nb8 20. Qxd7 Rxd7 21. Ngf3 Kh7 22. d4 cxd4 23. cxd4 e4 24. Nh4 Bxd4 25. Ra3 Bxf2+ 26. Kxf2 Rxd1 27. g4 e3+ 28. Kg3 f4+ 29. Kxf4 g5+ 30. Kf5 gxh4 31. Nf3 e2 32. Rc3 Bc8+ 33. Kf6 Nd7+ 34. Kf7 Rf8+ 35. Ke7 Rxf3 36. Bxf3 e1=Q+ 37. Kf7 Ne5+ 38. Kf6 Nxg4+ 39. Bxg4 Qxc3+ 40. bxc3 Bxg4 0-1


[Site "https://www.chess.com"]

[Event "Titled Tuesday Blitz September 13 Late 2022"]
[White "Golubev, Mikhail"]
[Black "Salem, A.R. Saleh"]
[WhiteFideId "14100983"]
[BlackFideId "9301348"]
[WhiteElo "2374"]
[BlackElo "2628"]
[Result "1/2-1/2"]
[Round "01"]
[TimeControl "180+1"]
[Date "2022.09.13"]
[WhiteClock "0:01:47"]
[BlackClock "0:01:49"]

1. e4 c5 2. Nf3 d6 3. d4 cxd4 4. Nxd4 Nf6 5. Nc3 a6 6. Bc4 e6 7. O-O b5 8. Bb3 Be7 9. f4 O-O 10. e5 dxe5 11. fxe5 Nfd7 12. Be3 Nxe5 13. Qh5 Nbc6 14. Rad1 Qe8 15. Nxc6 Nxc6 16. Ne4 f5 17. Qxe8 Rxe8 18. Rxf5 Na5 19. Rff1 Nxb3 20. axb3 Bb7 21. Nd6 Bxd6 22. Rxd6 Rad8 23. Rfd1 Rxd6 24. Rxd6 1/2-1/2


[Site "https://www.chess.com"]

[Event "Titled Tuesday Blitz September 13 Late 2022"]
[White "Goncalves, Davi Sulzbacher"]
[Black "Yoo, Christopher Woojin"]
[WhiteFideId "2154510"]
[BlackFideId "30909694"]
[WhiteElo "2107"]
[BlackElo "2105"]
[Result "0-1"]
[Round "01"]
[TimeControl "180+1"]
[Date "2022.09.13"]
[WhiteClock "0:00:02"]
[BlackClock "0:00:04"]

1. d4 Nf6 2. c4 e6 3. Nf3 b6 4. g3 Ba6 5. Qc2 c5 6. Bg2 Bb7 7. O-O cxd4 8. Nxd4 Bxg2 9. Kxg2 Qc7 10. Rd1 Be7 11. Nb5 Qc6+ 12. f3 a6 13. Nd4 Qb7 14. b3 O-O 15. e4 d6 16. Ba3 Rc8 17. Qe2 Nbd7 18. Nd2 Nc5 19. b4 Na4 20. Rac1 Nd7 21. Kg1 Bf6 22. Qe3 Ne5 23. h3 b5 24. cxb5 axb5 25. f4 Nc4 26. Nxc4 bxc4 27. e5 dxe5 28. fxe5 Bd8 29. Qf3 Qxf3 30. Nxf3 c3 31. b5 Bb6+ 32. Kf1 Nb2 33. Rd6 Nc4 34. Bb4 Nxd6 35. exd6 c2 36. Ne5 Be3 37. Rxc2 Rxc2 38. Nc6 Rcxa2 39. d7 Bb6 40. Be7 Kh8 41. d8=Q+ Bxd8 42. Bxd8 Rb2 43. b6 Rxd8 44. Nxd8 Kg8 45. b7 Kf8 46. Ke1 Ke8 47. Nxf7 Kxf7 0-1


[Site "https://www.chess.com"]

[Event "Titled Tuesday Blitz September 13 Late 2022"]
[White "Hansen, Eric"]
[Black "Vovk, Orest"]
[WhiteFideId "2606771"]
[BlackFideId "14113490"]
[WhiteElo "2568"]
[BlackElo "2203"]
[Result "1-0"]
[Round "01"]
[TimeControl "180+1"]
[Date "2022.09.13"]
[WhiteClock "0:00:08"]
[BlackClock "0:00:07"]

1. d4 h6 2. e4 g5 3. c3 Bg7 4. h4 d5 5. exd5 Qxd5 6. Nd2 g4 7. Ne2 Nf6 8. Nf4 Qf5 9. g3 Nc6 10. Bd3 Qd7 11. Nc4 Nd5 12. Nh5 Bf8 13. O-O Nb6 14. Re1 Kd8 15. Ne3 Nd5 16. Ng2 Qd6 17. c4 Ndb4 18. d5 Nxd3 19. Qxd3 Ne5 20. Rxe5 Qxe5 21. Nhf4 Bg7 22. Be3 Bf5 23. Qf1 Qxb2 24. Re1 Qxa2 25. Bc5 Re8 26. Ne3 Bd7 27. Nh5 Bh8 28. Qd3 b6 29. Bd4 Bxd4 30. Qxd4 a5 31. Ng7 Rg8 32. d6 exd6 33. Nd5 Kc8 34. Re7 Rxg7 35. Qxg7 Qxc4 36. Qxf7 Kb7 37. Rxd7 Rc8 38. Rxd6 a4 39. Rxb6+ Ka7 40. Rb4 Qc1+ 41. Kg2 Qd1 42. Rb5 Qf3+ 43. Qxf3 gxf3+ 44. Kxf3 Rf8+ 45. Ke3 c6 46. Ra5+ Kb7 47. Nc3 Re8+ 48. Kd3 Rf8 49. Ne4 Rf3+ 50. Ke2 Ra3 51. Rxa4 Rxa4 52. Nc5+ Kb6 53. Nxa4+ Kb5 54. Nc3+ Kc4 55. Kd2 Kd4 56. g4 Ke5 57. Ke3 c5 58. f4+ 1-0


[Site "https://www.chess.com"]

[Event "Titled Tuesday Blitz September 13 Late 2022"]
[White "Hnydiuk, Aleksander"]
[Black "Andreikin, Dmitry"]
[WhiteFideId "1109057"]
[BlackFideId "4158814"]
[WhiteElo "2374"]
[BlackElo "2736"]
[Result "0-1"]
[Round "01"]
[TimeControl "180+1"]
[Date "2022.09.13"]
[WhiteClock "0:00:03"]
[BlackClock "0:01:24"]

1. Nf3 d5 2. d4 Nf6 3. c4 e6 4. g3 Bb4+ 5. Bd2 Bd6 6. Nc3 c6 7. Qc2 Nbd7 8. e4 dxe4 9. Nxe4 Nxe4 10. Qxe4 Nf6 11. Qc2 c5 12. O-O-O cxd4 13. Nxd4 O-O 14. Nb5 Bc5 15. Bf4 Qe7 16. Bg2 a6 17. Bd6 Bxd6 18. Nxd6 Rb8 19. Rhe1 b6 20. Kb1 a5 21. Qd2 Ba6 22. Qg5 Rfd8 23. Qe5 Ng4 24. Qf4 Nf6 25. Qe5 Nd7 26. Qf4 Nc5 27. Bf3 h6 28. h4 Rd7 29. Qe5 Rbd8 30. Nb5 Bxb5 31. cxb5 Nd3 0-1


[Site "https://www.chess.com"]

[Event "Titled Tuesday Blitz September 13 Late 2022"]
[White "Ibrahimli, Murad"]
[Black "Matt, Fabian"]
[WhiteFideId "13410229"]
[BlackFideId "1623303"]
[WhiteElo "2109"]
[BlackElo "2287"]
[Result "1-0"]
[Round "01"]
[TimeControl "180+1"]
[Date "2022.09.13"]
[WhiteClock "0:00:07"]
[BlackClock "0:00:06"]

1. d4 d5 2. c4 c6 3. Nf3 Nf6 4. Nc3 e6 5. e3 Nbd7 6. Qc2 Bd6 7. Bd3 O-O 8. O-O dxc4 9. Bxc4 e5 10. a3 Qe7 11. h3 Re8 12. Ba2 exd4 13. Nxd4 Ne5 14. Nf5 Bxf5 15. Qxf5 Rad8 16. Rd1 Bc7 17. Bd2 Nd3 18. Rab1 g6 19. Qf3 Qe5 20. g3 h5 21. Kf1 h4 22. g4 Kg7 23. Bc4 Qc5 24. Ba2 Qe5 25. Qg2 Rd7 26. Qf3 Red8 27. Ke2 Ba5 28. b4 Bb6 29. Bc4 a5 30. b5 Bc5 31. bxc6 bxc6 32. Na4 Bxa3 33. Bc3 Qe4 34. Bxf6+ 1-0


[Site "https://www.chess.com"]

[Event "Titled Tuesday Blitz September 13 Late 2022"]
[White "Janaszak, Dawid"]
[Black "Bortnyk, Olexandr"]
[WhiteFideId "1119206"]
[BlackFideId "14120828"]
[WhiteElo "2165"]
[BlackElo "2723"]
[Result "0-1"]
[Round "01"]
[TimeControl "180+1"]
[Date "2022.09.13"]
[WhiteClock "0:00:04"]
[BlackClock "0:00:06"]

1. d4 d6 2. Bg5 c6 3. Nc3 Qb6 4. Qd2 Qxb2 5. Rb1 Qa3 6. e4 Qa5 7. Bc4 Nd7 8. Nge2 Ngf6 9. O-O e5 10. f4 exd4 11. Nxd4 h6 12. Bh4 Be7 13. Kh1 Nxe4 14. Qe1 Bxh4 15. Qxe4+ Kd8 16. Bxf7 Nc5 17. Nxc6+ bxc6 18. Qxc6 Qxc3 19. Qxa8 Ke7 20. Qxa7+ Bd7 21. Bd5 Rd8 22. g3 Bf6 23. Rbe1+ Kf8 24. Qc7 Be7 25. f5 Ne4 26. Qxc3 Nxc3 27. Bb3 Bc6+ 28. Kg1 Bf6 29. h3 Be5 30. Kh2 Ne4 31. Re3 h5 32. h4 Nf6 33. Kh3 Ng4 34. Rd3 Be4 35. Rd2 Rc8 36. a4 Rc3 37. Rg1 Bxf5 38. Kg2 Be4+ 39. Kf1 Bxg3 40. a5 Nh2+ 41. Ke2 Bf3# 0-1


[Site "https://www.chess.com"]

[Event "Titled Tuesday Blitz September 13 Late 2022"]
[White "Kamsky, Gata"]
[Black "Salman, Pavel"]
[WhiteFideId "2000024"]
[BlackFideId "24153753"]
[WhiteElo "2666"]
[BlackElo "2039"]
[Result "1-0"]
[Round "01"]
[TimeControl "180+1"]
[Date "2022.09.13"]
[WhiteClock "0:01:28"]
[BlackClock "0:00:03"]

1. e4 c5 2. Nc3 e6 3. Nf3 a6 4. d4 cxd4 5. Nxd4 Qc7 6. Qd3 Nf6 7. Qg3 Qxg3 8. hxg3 Bb4 9. f3 b5 10. Bd2 Bb7 11. g4 O-O 12. g5 Ne8 13. Bd3 Nc6 14. Nxc6 dxc6 15. e5 g6 16. Ne4 Bxd2+ 17. Kxd2 Rd8 18. Rh6 f5 19. exf6 Nd6 20. Rah1 Rf7 21. Nxd6 Rxd6 22. Ke3 Rxd3+ 23. cxd3 c5 24. Rc1 Rc7 25. b4 c4 26. dxc4 bxc4 27. Rh4 Bd5 28. Rc3 Rb7 29. Ra3 Rb6 30. Ra5 Rc6 31. Rc5 c3 32. Rxc6 Bxc6 33. Rc4 Bd5 34. Rxc3 Bxa2 35. Rc8+ Kf7 36. Rc7+ Kg8 37. Kd4 Bd5 38. Ke5 a5 39. bxa5 h5 40. gxh6 g5 41. f7+ Kf8 42. Kf6 1-0


[Site "https://www.chess.com"]

[Event "Titled Tuesday Blitz September 13 Late 2022"]
[White "Keymer, Vincent"]
[Black "Shpanko, Nadiia"]
[WhiteFideId "12940690"]
[BlackFideId "14132400"]
[WhiteElo "2585"]
[BlackElo "2139"]
[Result "1-0"]
[Round "01"]
[TimeControl "180+1"]
[Date "2022.09.13"]
[WhiteClock "0:01:01"]
[BlackClock "0:00:19"]

1. Nf3 Nf6 2. c4 c6 3. Nc3 d5 4. e3 Bg4 5. Qb3 Qb6 6. Ne5 Bc8 7. cxd5 Qxb3 8. axb3 Nxd5 9. Bc4 e6 10. d4 Nd7 11. Nf3 Bb4 12. Bd2 a5 13. O-O O-O 14. Nxd5 exd5 15. Bxb4 axb4 16. Rxa8 dxc4 17. bxc4 Nb6 18. Raa1 Nxc4 19. b3 Nd6 20. Nd2 Be6 21. Ra4 Nb5 22. Rxb4 f5 23. Ra1 f4 24. e4 Rd8 25. Nf3 Bg4 26. Ne5 Be6 27. d5 Bd7 28. h4 Be8 29. Rba4 cxd5 30. Ra8 Rxa8 31. Rxa8 Kf8 32. exd5 Ke7 33. Rb8 Nd6 34. Nc4 Bf7 35. Nxd6 Kxd6 36. Rxb7 Bxd5 37. Rxg7 Bxb3 38. Rxh7 Ke5 39. Rh5+ Kf6 40. Rg5 Be6 41. g3 fxg3 42. fxg3 Bf5 43. Kf2 Bg6 44. Ke3 Bf5 45. Kf4 Be6 46. h5 Bf7 47. g4 Ke7 48. h6 Kf8 49. Rg7 Be6 50. g5 Bg8 51. Ke5 Bh7 52. Kf6 Bg6 53. Kxg6 1-0


[Site "https://www.chess.com"]

[Event "Titled Tuesday Blitz September 13 Late 2022"]
[White "Kobo, Ori"]
[Black "Baches Garcia, Guillermo"]
[WhiteFideId "2812320"]
[BlackFideId "2209764"]
[WhiteElo "2420"]
[BlackElo "2441"]
[Result "1-0"]
[Round "01"]
[TimeControl "180+1"]
[Date "2022.09.13"]
[WhiteClock "0:00:27"]
[BlackClock "0:00:01"]

1. Nf3 Nf6 2. c4 e6 3. g3 d5 4. Bg2 Be7 5. O-O O-O 6. b3 b6 7. Bb2 Bb7 8. cxd5 exd5 9. d4 Nbd7 10. Nc3 a6 11. Qc2 Bd6 12. Rfd1 Qe7 13. e3 Rfe8 14. a4 g6 15. a5 b5 16. Ne2 Ne4 17. Nf4 h5 18. Rac1 c6 19. Nd3 Rac8 20. Bh3 Rc7 21. Nfe5 Ndf6 22. f3 Ng5 23. Bg2 h4 24. gxh4 Ne6 25. Qf2 Nh5 26. Kh1 Neg7 27. Rg1 Kh7 28. Bh3 Rg8 29. Nc5 Bc8 30. Bg4 Nf6 31. Bxc8 Rcxc8 32. Nxa6 Ra8 33. Rxc6 Nf5 34. b4 Qb7 35. Rb6 Qe7 36. Nc5 Nh5 37. Rb7 Qf6 38. Rxf7+ 1-0


[Site "https://www.chess.com"]

[Event "Titled Tuesday Blitz September 13 Late 2022"]
[White "Kollars, Dmitrij"]
[Black "D`Arruda, Ricardo D."]
[WhiteFideId "12909572"]
[BlackFideId "100692"]
[WhiteElo "2584"]
[BlackElo "2481"]
[Result "1-0"]
[Round "01"]
[TimeControl "180+1"]
[Date "2022.09.13"]
[WhiteClock "0:01:11"]
[BlackClock "0:00:12"]

1. c4 e5 2. Nc3 Nf6 3. Nf3 d6 4. d4 Nbd7 5. e4 Be7 6. Be2 O-O 7. O-O exd4 8. Nxd4 Re8 9. Be3 Bf8 10. f3 c6 11. Qd2 Qc7 12. Rad1 Nc5 13. Bf2 Bd7 14. b4 Ne6 15. Nf5 d5 16. cxd5 cxd5 17. Nxd5 Nxd5 18. exd5 Nf4 19. Bd3 Nxd3 20. Qxd3 Bxf5 21. Qxf5 Bxb4 22. Rc1 Qa5 23. Qd7 b6 24. Rc7 Rf8 25. Qc6 Qxa2 26. Rxf7 Rxf7 27. Qxa8+ Rf8 28. Qc6 Rd8 29. Rd1 Qe2 30. Rb1 Qd3 31. Qe6+ Kh8 32. Rxb4 Qxd5 33. Rd4 Qxe6 34. Rxd8+ Qg8 35. Rxg8+ Kxg8 36. Kf1 Kf7 37. Ke2 Ke6 38. Kd3 Kd5 39. f4 Kc6 40. f5 a5 41. Bd4 g6 42. f6 Kd6 43. Bxb6 Ke6 44. Bd4 1-0


[Site "https://www.chess.com"]

[Event "Titled Tuesday Blitz September 13 Late 2022"]
[White "Lenderman, Aleksandr"]
[Black "Bellissimo, Joseph F."]
[WhiteFideId "2021285"]
[BlackFideId "2609843"]
[WhiteElo "2607"]
[BlackElo "2061"]
[Result "1-0"]
[Round "01"]
[TimeControl "180+1"]
[Date "2022.09.13"]
[WhiteClock "0:01:18"]
[BlackClock "0:00:10"]

1. e4 e6 2. d4 d5 3. Nd2 Nf6 4. e5 Nfd7 5. Bd3 c5 6. c3 Nc6 7. Ne2 cxd4 8. cxd4 f6 9. exf6 Qxf6 10. Nf3 h6 11. O-O Bd6 12. Ng3 O-O 13. Bc2 Rd8 14. Re1 Nf8 15. Be3 Bd7 16. Qd2 Be8 17. a3 Bg6 18. Rac1 Rac8 19. b4 a6 20. Bd3 e5 21. dxe5 Nxe5 22. Nxe5 Rxc1 23. Qxc1 Bxe5 24. Bxg6 Nxg6 25. Qd1 d4 26. Bd2 d3 27. Ne4 Qf5 28. g3 Bd4 29. Kg2 Rf8 30. Qb3+ Kh8 31. Qxd3 Bxf2 32. Rf1 Ne5 33. Qe2 Ng4 34. Nxf2 Qd5+ 35. Ne4 Re8 36. Qxg4 Rxe4 37. Rf8+ Kh7 38. Qf5+ Qxf5 39. Rxf5 Re2+ 40. Rf2 Re7 41. Bc3 Rc7 42. Bd4 g5 43. Bc5 Kg6 44. g4 h5 45. gxh5+ Kxh5 46. Rf6 Rd7 47. Bd6 Kg4 48. h3+ Kh5 49. Kg3 Rd8 50. a4 Rc8 51. Bc5 Rd8 52. Be3 Rd3 53. Kf3 Rb3 54. Rb6 a5 55. bxa5 Ra3 56. Rxb7 Rxa4 57. Ra7 Kh4 58. Rh7# 1-0


[Site "https://www.chess.com"]

[Event "Titled Tuesday Blitz September 13 Late 2022"]
[White "Makarian, Rudik"]
[Black "Sivakumar, Shaaketh"]
[WhiteFideId "44105681"]
[BlackFideId "30940176"]
[WhiteElo "2410"]
[BlackElo "1799"]
[Result "1-0"]
[Round "01"]
[TimeControl "180+1"]
[Date "2022.09.13"]
[WhiteClock "0:01:14"]
[BlackClock "0:00:32"]

1. b3 e6 2. Bb2 Nf6 3. Nf3 b6 4. g3 Bb7 5. Bg2 Be7 6. O-O O-O 7. d3 c5 8. Nbd2 d6 9. e4 Nbd7 10. a4 a6 11. Qe2 Qc7 12. Rfe1 Rfe8 13. Nc4 b5 14. Nxd6 Bxd6 15. e5 Be7 16. exf6 Bxf6 17. Bxf6 Nxf6 18. Qe5 Qe7 19. axb5 axb5 20. Rxa8 Rxa8 21. Ra1 h6 22. h4 Qf8 23. Rxa8 Qxa8 24. Ne1 Bxg2 25. Nxg2 Qd5 26. Qb8+ Kh7 27. Qxb5 Qd4 28. Qc4 Qa1+ 29. Kh2 Qd1 30. Ne3 Qf3 31. Kg1 Nd7 32. Qe4+ Qxe4 33. dxe4 Kg6 34. f3 Kf6 35. Kf2 Ke5 36. c3 f5 37. Nc4+ Kf6 38. Ke3 g5 39. h5 fxe4 40. Kxe4 Ke7 41. g4 Nf6+ 42. Kd3 Nd5 43. Ne3 Nb6 44. Ke4 Kd6 45. Nc4+ Nxc4 46. bxc4 Kd7 47. f4 gxf4 48. Kxf4 Ke7 49. g5 hxg5+ 50. Kxg5 Kf7 51. h6 Kg8 52. Kf6 Kh7 53. Kxe6 Kxh6 54. Kd5 Kg7 55. Kxc5 Kf7 56. Kd6 Ke8 57. Kc7 Ke7 58. c5 Ke8 59. c6 Ke7 60. Kb7 Kd6 61. c7 Kc5 62. c8=Q+ Kb5 63. c4+ Ka5 64. c5 Kb5 65. c6 Ka5 66. c7 Kb5 67. Qd7+ Ka5 68. c8=Q Kb4 69. Ka8 Ka5 70. Qb8 Ka6 71. Qa4# 1-0


[Site "https://www.chess.com"]

[Event "Titled Tuesday Blitz September 13 Late 2022"]
[White "Manukian, Artak"]
[Black "Livaic, Leon"]
[WhiteFideId "13301373"]
[BlackFideId "14531534"]
[WhiteElo "2473"]
[BlackElo "2540"]
[Result "0-1"]
[Round "01"]
[TimeControl "180+1"]
[Date "2022.09.13"]
[WhiteClock "0:00:01"]
[BlackClock "0:00:29"]

1. e4 c5 2. Nf3 d6 3. Bb5+ Nd7 4. O-O a6 5. Bd3 g6 6. a4 b6 7. Re1 Bb7 8. Nc3 Bg7 9. Bc4 Ngf6 10. d3 O-O 11. h3 e6 12. Bg5 Qc7 13. Bf4 Ne5 14. Ba2 Nxf3+ 15. Qxf3 Nd7 16. Qg3 Ne5 17. Bd2 Nc6 18. Qh4 Nd4 19. Rac1 b5 20. Bh6 Qa5 21. Bxg7 Kxg7 22. e5 Qd8 23. Qxd8 Rfxd8 24. exd6 Rxd6 25. Ne4 Bxe4 26. Rxe4 bxa4 27. c3 f5 28. Re5 Nb3 29. Bxb3 axb3 30. Rxc5 Rxd3 31. Rc7+ Kf6 32. Rb7 Rd2 33. Rxb3 Rad8 34. Rb6 Re2 35. Rxa6 Rdd2 36. Rf1 Rxb2 37. g3 h5 38. h4 Rbc2 39. Rc6 Ke5 40. Rc8 Kf6 41. Rc6 g5 42. hxg5+ Kxg5 43. Kg2 e5 44. Kg1 e4 45. Rc8 e3 46. Rg8+ Kf6 47. Rf8+ Kg6 48. Rg8+ Kf7 49. Rg5 Kf6 50. Rxh5 Rxf2 51. Rxf2 Rxf2 52. Rh8 Ke7 53. Rh4 Rc2 54. Kf1 Kf6 55. Rf4 Ke5 0-1


[Site "https://www.chess.com"]

[Event "Titled Tuesday Blitz September 13 Late 2022"]
[White "Mendez Fortes, Eduardo Jesus"]
[Black "Pap, Gyula"]
[WhiteFideId "3502376"]
[BlackFideId "725323"]
[WhiteElo "2307"]
[BlackElo "2519"]
[Result "1/2-1/2"]
[Round "01"]
[TimeControl "180+1"]
[Date "2022.09.13"]
[WhiteClock "0:00:22"]
[BlackClock "0:00:48"]

1. e4 e5 2. Nf3 Nc6 3. Bb5 a6 4. Ba4 b5 5. Bb3 Na5 6. O-O d6 7. d4 exd4 8. Nxd4 Nxb3 9. axb3 Bb7 10. Nc3 Nf6 11. Re1 Be7 12. Qf3 O-O 13. Nf5 Re8 14. Nxe7+ Qxe7 15. Bg5 b4 16. Na4 Qe5 17. Bxf6 Qxf6 18. Qxf6 gxf6 19. f3 Re5 20. g4 Bc6 21. Kf2 Kg7 22. Red1 h5 23. h3 Rb8 24. Rd4 a5 25. Rc4 Bxa4 26. Rxa4 Rb7 27. Rc6 Ra7 28. Ra1 hxg4 29. hxg4 Kf8 30. Rc4 Ke7 31. Rxb4 axb4 32. Rxa7 Rc5 33. c4 bxc3 34. bxc3 Rxc3 35. Rb7 Kd7 36. Kg3 Kc8 37. Rb5 Kd7 38. Rb8 Ke7 39. Kf4 Kd7 40. Kg3 1/2-1/2


[Site "https://www.chess.com"]